 Dungeon Crawl Stone Soup version 0.25-a0-458-g6fc7858b95 (webtiles) character file.

Game seed: 8115309174976635917, levelgen mode: deterministic

15791 Eurus the Thaumaturge (level 12, -4/83 HPs)
             Began as a Mummy Conjurer on Feb 2, 2020.
             Was a Follower of Ashenzari.
             Killed from afar by a frost giant (15 damage)
             ... with a bolt of cold
             ... in an ice cave.
             The game lasted 01:10:46 (23236 turns).

Eurus the Thaumaturge (Mummy Conjurer)             Turns: 23236, Time: 01:10:48

Health: -4/83      AC: 13    Str: 13    XL:     12   Next: 4%
Magic:  20/41      EV: 11    Int: 20    God:    Ashenzari [*.....]
Gold:   927        SH:  0    Dex: 12    Spells: 24/31 levels left

rFire    x . .     SeeInvis .   w - staff of power
rCold    + + .     Gourm    .   (no shield)
rNeg     + + +     Faith    .   s - +0 ring mail {MR+}
rPois    ∞         Spirit   .   z - +0 helmet
rElec    .         Reflect  .   I - +2 cloak {rC+} (curse)
rCorr    .         Harm     .   q - +0 pair of gloves
MR       ++...                  y - +0 pair of boots
Stlth    +.........             (no amulet)
HPRegen  0.23/turn              a - +2 ring of intelligence
MPRegen  0.27/turn              b - ring of flight

@: no status effects
A: no food or potions, fire vulnerability, cold resistance 1, negative energy
resistance 3, torment resistance, unbreathing
a: Curse Item, Scrying, Renounce Religion, Evoke Flight


You were in an ice cave.
You worshipped Ashenzari.
Ashenzari was aware of your devotion.
You were not hungry.

You visited 3 branches of the dungeon, and saw 15 of its levels.
You also visited: Ice Cave.

You collected 927 gold pieces.

Inventory:

Hand Weapons
 h - a +0 dagger of protection
 p - a +1 dagger of venom
Armour
 q - a +0 pair of gloves (worn)
 s - a +0 ring mail of magic resistance (worn)
 y - a +0 pair of boots (worn)
 z - a +0 helmet (worn)
 I - a cursed +2 cloak of cold resistance (worn)
Magical Staves
 i - an uncursed staff of air
 v - an uncursed staff of earth
 w - an uncursed staff of power (weapon)
Jewellery
 a - a +2 ring of intelligence (left hand)
 b - a ring of flight (right hand)
 k - an uncursed ring of flight
 D - an uncursed amulet of the acrobat
Wands
 j - a wand of flame (13)
 n - a wand of disintegration (5)
 o - a wand of acid (11)
 u - a wand of iceblast (15)
 A - a wand of paralysis (10)
 B - a wand of clouds (9)
 E - a wand of random effects (25)
 G - a wand of digging (2)
Scrolls
 c - 5 scrolls of identify
 d - a scroll of fog
 e - 4 scrolls of amnesia
 f - 4 scrolls of enchant weapon
 g - a scroll of enchant armour
 l - 3 scrolls of remove curse
 m - a scroll of magic mapping
 t - 2 scrolls of brand weapon
 x - 2 scrolls of blinking
 C - a scroll of fear
 F - a scroll of torment
 H - a scroll of teleportation


   Skills:
 - Level 4.0 Fighting
 - Level 6.0 Staves
 + Level 6.5 Armour
 - Level 1.5 Dodging
 - Level 1.5 Stealth
 - Level 10.0 Spellcasting
 + Level 9.2 Conjurations
 + Level 4.4 Translocations
 + Level 6.5 Evocations


You had 24 spell levels left.
You knew the following spells:

 Your Spells              Type           Power        Failure   Level  Hunger
a - Magic Dart            Conj           ####         1%          1    N/A
b - Searing Ray           Conj           #####.       1%          2    N/A
c - Iskenderun's Mystic   Conj/Tloc      #####...     8%          4    N/A

Your spell library contained the following spells:

 Spells                   Type           Power        Failure   Level  Hunger
 Dazzling Flash           Conj/Hex       ####..       6%          3    N/A
 Fulminant Prism          Conj/Hex       ####......   21%         4    N/A

Dungeon Overview and Level Annotations

Branches:
Dungeon (12/15)            Temple (1/1) D:4            Lair (2/6) D:8
    Orc (0/2) D:10          IceCv (1/1)
  Swamp: Lair:2-4    Shoals: Lair:2-4     Snake: Lair:2-4    Spider: Lair:2-4

Altars:
Ashenzari
Cheibriados
Dithmenos
Elyvilon
Fedhas
Gozag
Hepliaklqana
Kikubaaqudgha
Makhleb
Nemelex Xobeh
Okawaru
Qazlal
Ru
Sif Muna
Trog
Uskayaw
Vehumet
Wu Jian
Xom
Yredelemnul
Zin
The Shining One

Annotations:
D:8 Harold
D:10 Maggie
D:12 Jorgrun, Rupert, Snorg IceCv exclusion: ice statue


Innate Abilities, Weirdness & Mutations

You do not eat or drink.
Your flesh is vulnerable to fire.
You are immune to poison.
Your flesh is cold resistant. (rC+)
You are immune to negative energy. (rN+++)
You are immune to unholy pain and torment.
You can survive without breathing.


Message History

The frost giant is heavily wounded.
The frost giant hits you with a +1 battleaxe of freezing.
* * * LOW HITPOINT WARNING * * *
The searing ray hits the frost giant!
The frost giant is severely wounded.
The frost giant hits you with a +1 battleaxe of freezing!
* * * LOW HITPOINT WARNING * * *
The frost giant freezes you.
* * * LOW HITPOINT WARNING * * *
Casting: Searing Ray (safe; 1% risk of failure)
Confirm with . or Enter, or press ? or * to list all spells.
You erupt in a blast of force!
The mystic blast hits the frost giant!
The frost giant is severely wounded.
Casting: Iskenderun's Mystic Blast (safe; 8% risk of failure)
Confirm with . or Enter, or press ? or * to list all spells.
You erupt in a blast of force!
The mystic blast hits the frost giant!
The frost giant is almost dead.
The frost giant points at you and mumbles some strange words.
The bolt of cold hits you! You resist.
You die...

# ## .## ..## ...#
#### ..## ######..##
...### ##..##....##
.....###..........#
......#.......∩C@.#
...##....##.......#
..####..#####....##
...#*####** ##..##
..##≈≈*≈≈≈***####
.##≈≈≈≈≈≈≈≈≈≈******
##≈≈******≈≈≈≈≈≈≈≈**
#≈≈** ***≈≈≈≈≈≈≈*
*≈** **≈***≈**


You could see a frost giant.

Vanquished Creatures
  A hydra (Lair:1)
  Sonja (D:10)
  An ugly thing (D:12)
  A black mamba (Lair:1)
  Joseph (D:7)
  2 centaur skeletons (D:12)
  2 trolls
  7 polar bears (IceCv)
  Prince Ribbit (D:7)
  3 hippogriffs
  3 slime creatures
  A shadow (D:12)
  A vampire (D:10)
  A spriggan (D:8)
  A wraith (D:10)
  Grum (D:8)
  11 yaks
  2 hungry ghosts (D:10)
  2 two-headed ogre zombies (D:10)
  2 water moccasins
  2 porcupines (Lair:1)
  Duvessa (D:7)
  5 orc warriors
  3 black bears
  6 ice beasts
  A necrophage (D:8)
  3 sky beasts
  5 ogres
  12 wolves
  4 centaurs
  3 crocodiles
  A big kobold (D:11)
  5 bullfrogs
  A gnoll sergeant (D:5)
  Dowan (D:7)
  2 scorpions
  15 killer bees
  2 troll zombies (D:10)
  A wight (D:7)
  2 crimson imps (D:6)
  2 howler monkeys
  A bullfrog zombie (D:9)
  4 orc priests
  4 hounds
  2 jellies
  12 orc wizards
  3 bullfrog skeletons
  Ijyb (D:4)
  3 iguanas
  2 worker ants
  4 ogre zombies (D:10)
  A hound zombie (D:6)
  3 hound skeletons
  A worker ant zombie (D:4)
  4 gnolls (D:5)
  8 adders
  2 shadow imps
  3 oozes
  2 adder skeletons
  A worm (D:2)
  A dart slug (D:1)
  7 leopard geckos
  36 orcs
  2 ball pythons
  5 giant cockroaches
  4 goblins
  11 hobgoblins
  6 jackals
  4 quokkas
  4 bats
  6 frilled lizards
  A giant cockroach zombie (D:6)
  2 goblin skeletons (D:10)
  A goblin zombie (D:10)
  A hobgoblin skeleton (D:10)
  4 hobgoblin zombies (D:10)
  18 kobolds
  A leopard gecko zombie (D:5)
  7 orc skeletons (D:10)
  10 orc zombies (D:10)
  A quokka zombie (D:7)
  14 rats
329 creatures vanquished.

Vanquished Creatures (others)
  Pikel (D:4)
  A plant (D:8)
2 creatures vanquished.

Grand Total: 331 creatures vanquished

Notes
Turn   | Place    | Note
-------+----------+-------------------------------------------
     0 | D:1      | Eurus the Mummy Conjurer began the quest for the Orb.
     0 | D:1      | Reached XP level 1. HP: 13/13 MP: 4/4
   350 | D:1      | Reached skill level 3 in Spellcasting
   360 | D:1      | Reached XP level 2. HP: 20/20 MP: 1/6
   545 | D:1      | Reached skill level 1 in Fighting
   596 | D:1      | Learned a level 2 spell: Searing Ray
   911 | D:1      | Reached XP level 3. HP: 25/26 MP: 2/7
  1933 | D:2      | Reached XP level 4. HP: 27/33 MP: 0/9
  2501 | D:3      | Reached skill level 4 in Spellcasting
  2980 | D:4      | Reached XP level 5. HP: 39/39 MP: 7/11
  3118 | D:4      | Found a staircase to the Ecumenical Temple.
  3127 | Temple   | Entered the Ecumenical Temple
  3493 | D:4      | Reached skill level 1 in Staves
  3655 | D:4      | Noticed Ijyb
  3790 | D:4      | Killed Ijyb
  4219 | D:4      | Noticed a slave
  4224 | D:4      | Noticed a slave
  4306 | D:5      | Entered Level 5 of the Dungeon
  4337 | D:5      | Noticed an ogre
  4527 | D:5      | Reached XP level 6. HP: 36/47 MP: 4/13
  4617 | D:5      | Noticed a sky beast
  4709 | D:5      | Reached skill level 5 in Spellcasting
  5039 | D:5      | Reached XP level 7. HP: 32/52 MP: 7/15
  5721 | D:6      | Reached skill level 5 in Conjurations
  5819 | D:6      | Reached skill level 6 in Spellcasting
  6328 | D:5      | Reached XP level 8. HP: 28/60 MP: 12/17
  6572 | D:6      | Found a shattered altar of Ashenzari.
  6585 | D:6      | Became a worshipper of Ashenzari the Shackled
  7011 | D:7      | Reached skill level 7 in Spellcasting
  7638 | D:7      | Reached skill level 8 in Spellcasting
  7930 | D:7      | Noticed Duvessa
  8094 | D:7      | Noticed Joseph
  8818 | D:8      | Found a basalt altar of Yredelemnul.
  8941 | D:8      | Reached skill level 1 in Armour
  8941 | D:8      | Reached skill level 1 in Evocations
  8941 | D:8      | Reached XP level 9. HP: 40/65 MP: 13/21
  9294 | D:8      | Noticed Grum
  9656 | D:8      | Found a blossoming altar of Fedhas.
 10340 | D:8      | Killed Grum
 10410 | D:8      | Found a staircase to the Lair.
 10410 | D:8      | Noticed a komodo dragon
 10919 | D:9      | Reached skill level 9 in Spellcasting
 11199 | D:9      | Reached skill level 5 in Staves
 11358 | D:9      | Found a blossoming altar of Fedhas.
 11708 | D:9      | Noticed Harold
 12078 | D:9      | Noticed a troll
 12715 | D:9      | Reached * piety under Ashenzari
 12852 | D:9      | Killed a troll
 12852 | D:9      | Reached XP level 10. HP: 34/71 MP: 23/23
 13877 | D:10     | Entered Level 10 of the Dungeon
 14632 | D:10     | Reached skill level 10 in Spellcasting
 14861 | D:10     | Found a staircase to the Orcish Mines.
 15006 | D:10     | Noticed Maggie
 16060 | D:10     | Noticed Sonja
 16314 | D:10     | Learned a level 4 spell: Iskenderun's Mystic Blast
 16767 | D:11     | Reached skill level 1 in Translocations
 17064 | D:11     | Reached XP level 11. HP: 69/77 MP: 25/25
 17487 | D:10     | Killed Sonja
 17487 | D:10     | Reached skill level 5 in Armour
 17487 | D:10     | Reached skill level 5 in Evocations
 17821 | D:12     | Noticed Rupert
 18576 | D:12     | Noticed a deep elf mage
 18738 | D:12     | Noticed a green ugly thing
 18751 | D:12     | Killed a green ugly thing
 18931 | D:12     | Noticed Jorgrun
 19448 | D:12     | Noticed Snorg
 19597 | D:4      | Noticed Pikel
 19622 | D:4      | Killed Pikel
 19784 | D:7      | Noticed Dowan
 19801 | D:7      | Killed Duvessa
 19811 | D:7      | Killed Dowan
 19895 | D:7      | Found a bloodstained altar of Trog.
 19975 | D:7      | Noticed Prince Ribbit
 20004 | D:7      | Killed Joseph
 20166 | D:7      | Killed Prince Ribbit
 20362 | Lair:1   | Entered Level 1 of the Lair of Beasts
 20549 | Lair:1   | Noticed a seven-headed hydra
 20565 | Lair:1   | Killed a seven-headed hydra
 21645 | Lair:2   | Found a frozen archway.
 21655 | IceCv    | Entered an ice cave
 21949 | IceCv    | HP: 2/77 [polar bear (9)]
 22511 | IceCv    | Reached XP level 12. HP: 80/83 MP: 26/26
 23112 | IceCv    | Noticed a frost giant
 23236 | IceCv    | Killed from afar by a frost giant

Levels and vault maps discovered:
D:1:      ebering_hopf_link, layout_basic, minmay_misc_feat_rows
D:2:      layout_rooms, first_ration, minmay_pentomino_x4
D:3:      layout_rooms
D:4:      layout_rooms, minmay_temple_entry_waves, serial_forest,
          infiniplex_forest_zigzag_1, infiniplex_forest_lined_room_3,
          infiniplex_forest_end_2, infiniplex_forest_clump_small,
          infiniplex_forest_lined_3_way, infiniplex_forest_lined_ring,
          uniq_ijyb, uniq_pikel
D:5:      layout_rooms, lightli_minifort
D:6:      layout_basic, ashenzari_altar_1
D:7:      layout_cave_pods, trog_ov_bears_minmay, serial_column_ruins,
          column_ruins_hut, column_ruins_hut, column_ruins_open_small,
          column_ruins_open_tiny, column_ruins_open_tiny,
          column_ruins_columns_dead_end, column_ruins_open_small, uniq_joseph,
          uniq_prince_ribbit1, uniq_duvessa
D:8:      layout_gridville, yredelemnul_altar_generic, lemuel_doored_altar,
          david_lair_shrubbed, grunt_pizzeria, uniq_grum
D:9:      layout_stronghold, fedhas_bush_and_centaur_altar, uniq_harold
D:10:     layout_loops_cross, zombieorc2_lemuel, uniq_sonja, uniq_maggie
D:11:     layout_roguey, kennysheep_nub
D:12:     layout_small_grid, uniq_nergalle, uniq_snorg, uniq_jorgrun,
          uniq_rupert
Temple:   hc_temple_tempest_star
Lair:1:   layout_concentric_octagons, grunt_megastairs_5
Lair:2:   layout_misc_corridors, guppyfry_snake_entry_island,
          portal_ice_cave_entry_pillars_1, infiniplex_staircase_pool_2
IceCv:    ice_cave_small_giant

Skill      XL: |  1  2  3  4  5  6  7  8  9 10 11 |
---------------+----------------------------------+-----
Spellcasting   | 3 4 5 6 8 9 10 | 10.0
Fighting       | 1 2 3 4 |  4.0
Conjurations   | 4 5 6 7 8 9 |  9.2
Staves         | 1 2 3 4 5 6 |  6.0
Armour         | 1 3 4 6 |  6.5
Evocations     | 1 3 4 6 |  6.5
Translocations | 1 4 |  4.4
Dodging        | |  1.5
Stealth        | |  1.5

Action                   |  1- 3 |  4- 6 |  7- 9 | 10-12 || total
-------------------------+-------+-------+-------+-------++-------
Melee: Unarmed           |    12 |       |       |       ||    12
       Short sword       |    54 |       |       |       ||    54
       Dagger            |    53 |   141 |   124 |       ||   318
       Staff             |       |       |    58 |   100 ||   158
 Cast: Magic Dart        |    53 |    80 |    67 |   136 ||   336
       Searing Ray       |     1 |    13 |    77 |   127 ||   218
       Iskenderun's Myst |       |       |       |     2 ||     2
Invok: Curse Item        |       |       |       |     1 ||     1
 Abil: Evoke Flight      |       |       |       |     2 ||     2
       Stop Flying       |       |       |       |     1 ||     1
Evoke: Wand              |       |       |       |     6 ||     6
  Use: Scroll            |       |       |    11 |     4 ||    15
 Stab: Sleeping          |     3 |     1 |     1 |       ||     5
Armor: Robe              |    30 |    43 |    37 |       ||   110
       Ring mail         |       |       |    59 |   177 ||   236
Dodge: Dodged            |    76 |   107 |   197 |   211 ||   591

Table legend:
 A = Non-vault XP
 B = Vault XP
 C = Vault XP percentage of total XP
 D = Non-vault monster count
 E = Vault monster count
 F = Vault count percentage of total count
                 A         B        C        D         E       F
            +---------+---------+-------+---------+---------+-------
      Total |   14662 |    7897 |  35.0 |     252 |      77 |  23.4
            +---------+---------+-------+---------+---------+-------
        D:1 |      46 |       2 |   4.2 |      28 |       1 |   3.4
        D:2 |      63 |       2 |   3.1 |      17 |       1 |   5.6
        D:3 |      41 |       0 |   0.0 |      22 |       0 |   0.0
        D:4 |     158 |      36 |  18.6 |      11 |       1 |   8.3
        D:5 |     434 |     141 |  24.5 |      12 |       5 |  29.4
        D:6 |     555 |       0 |   0.0 |      28 |       0 |   0.0
        D:7 |    1076 |    1252 |  53.8 |      25 |       7 |  21.9
        D:8 |    1270 |     639 |  33.5 |      19 |       4 |  17.4
        D:9 |    1659 |     108 |   6.1 |      29 |       1 |   3.3
       D:10 |    2402 |    1983 |  45.2 |      22 |      37 |  62.7
       D:11 |    2311 |       0 |   0.0 |      20 |       0 |   0.0
       D:12 |    2108 |       0 |   0.0 |      10 |       0 |   0.0
     Lair:1 |    2207 |     678 |  23.5 |       7 |       6 |  46.2
     Lair:2 |     332 |       0 |   0.0 |       2 |       0 |   0.0
      IceCv |       0 |    3056 | 100.0 |       0 |      14 | 100.0
            +---------+---------+-------+---------+---------+-------
